 Dungeon Crawl Stone Soup version 0.23-a0-350-g6fd5563 (webtiles) character file.

2149 Cryolive the Chucker (level 9, -8/78 HPs)
             Began as a Hill Orc Berserker on Oct 20, 2018.
             Was an Elder of Trog.
             Mangled by an orc warrior
             ... wielding a +0 halberd
              (11 damage)
             ... on level 6 of the Dungeon.
             The game lasted 00:49:50 (6150 turns).

Cryolive the Chucker (Hill Orc Berserker)           Turns: 6150, Time: 00:49:51

Health: -8/78      AC: 15    Str: 23    XL:     9   Next: 31%
Magic:  9/9        EV:  7    Int:  7    God:    Trog [****..]
Gold:   311        SH:  0    Dex: 10    Spells: 8/8 levels left

rFire    . . .     SeeInvis .   B - +2 whip (freeze)
rCold    . . .     Gourm    .   (no shield)
rNeg     . . .     Faith    .   d - +0 plate armour
rPois    +         Spirit   .   E - +0 helmet
rElec    .         Reflect  .   l - +0 cloak
rCorr    .         Harm     .   (no gloves)
MR       .....                  (no boots)
Stlth    ..........             (no amulet)
HPRegen  0.23/turn              s - ring of poison resistance
MPRegen  0.11/turn              q - ring of stealth

@: no status effects
A: no striking features
a: Berserk, Trog's Hand, Brothers in Arms, Renounce Religion


You were on level 6 of the Dungeon.
You worshipped Trog.
Trog was greatly pleased with you.
You were not hungry.

You visited 1 branch of the dungeon, and saw 6 of its levels.

You collected 311 gold pieces.

Inventory:

Hand Weapons
 f - a +3 quarterstaff of chaos
 w - a +2 flail of venom
 B - a +2 whip of freezing (weapon)
 C - a +4 falchion
Missiles
 p - 76 stones (quivered)
 D - 4 javelins of penetration
Armour
 d - a +0 plate armour (worn)
 l - a +0 cloak (worn)
 n - a +0 ring mail
 E - a +0 helmet (worn)
Jewellery
 a - an uncursed amulet of magic regeneration {unknown}
 q - a ring of stealth (right hand)
 s - a ring of poison resistance (left hand)
 I - an uncursed ring of fire
Scrolls
 b - 2 scrolls of blinking {unknown}
 g - 2 scrolls of enchant armour {unknown}
 h - 3 scrolls of identify
 k - 2 scrolls of teleportation {unknown}
 o - 2 scrolls of fear {unknown}
 r - a scroll of immolation {unknown}
 t - 2 scrolls of remove curse {unknown}
 G - a scroll of enchant weapon {unknown}
Potions
 e - a potion of curing
 i - 2 potions of brilliance {unknown}
 j - a potion of agility {unknown}
 u - 2 potions of heal wounds {unknown}
 z - 2 potions of cancellation
Comestibles
 c - 8 rations


   Skills:
 + Level 6.4 Fighting
   Level 5.7(7.2) Axes
 + Level 5.5(6.4) Maces & Flails
 + Level 6.9 Throwing
 + Level 5.8 Armour
 + Level 2.0 Dodging
 + Level 0.3 Stealth


You had 8 spell levels left.
You didn't know any spells.
Your spell library contained the following spells:

 Spells                   Type           Power        Failure   Level  Hunger
 Corona                   Hex            #......      100%        1    ##.....
 Magic Dart               Conj           #...         100%        1    ##.....
 Blink                    Tloc           N/A          100%        2    ###....
 Call Imp                 Summ           #.......     100%        2    ###....
 Ensorcelled Hibernation  Hex/Ice        #.....       100%        2    ###....
 Slow                     Hex            #.......     100%        2    ###....
 Confuse                  Hex            #.......     100%        3    ####...
 Conjure Flame            Conj/Fire      #.......     100%        3    ####...
 Dazzling Spray           Conj/Hex       #.....       100%        3    ####...
 Mephitic Cloud           Conj/Pois/Air  #.......     100%        3    ####...
 Tukima's Dance           Hex            #.......     100%        3    ####...


Dungeon Overview and Level Annotations

Branches:
Dungeon (6/15)
 Temple: D:4-7

Altars:
Dithmenos
Elyvilon
Fedhas
Gozag
Kikubaaqudgha
Makhleb
Okawaru
Ru
Sif Muna
Trog
Zin

Annotations:
D:6 3 runed doors, EvilAliv3's ghost, novice FoIE


Message History

You can't see that place.
Okay, then.
You hit the orc warrior. You freeze the orc warrior.
The orc warrior is severely wounded.
The orc warrior hits you with a +0 halberd.
* * * LOW HITPOINT WARNING * * *
You hit the orc warrior. You freeze the orc warrior.
The orc warrior is almost dead.
You hit the orc warrior but do no damage.
The orc warrior is almost dead.
The orc warrior barely misses you.
You hit the orc warrior but do no damage.
The orc warrior is almost dead.
The orc warrior closely misses you.
You hit the orc warrior but do no damage.
The orc warrior is almost dead.
You hit the orc warrior but do no damage.
The orc warrior is almost dead.
The orc warrior hits you with a +0 halberd!
You die...

###. # ..(.. # ... #
.)o # #o# # ## #.## #
#.## ##o# # #.###o## #
#.@#.## # #.#o## #
#.### #####.#### #####
#........# ....#
#.##..##.#
..#.#######..........
.......................
..#.#######.#...##.....


You could see an orc warrior.

Vanquished Creatures
  Pikel (D:4)
  Menkaure (D:6)
  Edmund (D:4)
  Duvessa (D:4)
  An orc warrior (D:5)
  A sky beast (D:2)
  A slave (D:4)
  A centaur (D:6)
  2 bullfrogs (D:6)
  Dowan (D:4)
  2 scorpions
  2 crimson imps
  A bullfrog zombie (D:6)
  A jelly (D:6)
  A hound (D:5)
  3 orc priests (D:5)
  6 orc wizards
  Crazy Yiuf (D:2)
  Ijyb (D:4)
  Terence (D:2)
  2 iguanas
  2 worker ants (D:5)
  A killer bee zombie (D:6)
  A worker ant zombie (D:5)
  Robin (D:4)
  6 adders
  2 shadow imps
  2 oozes
  An adder zombie (D:6)
  3 worms
  2 dart slugs (D:1)
  4 leopard geckos
  15 orcs
  7 bats
  6 giant cockroaches
  14 hobgoblins
  2 jackals (D:3)
  3 quokkas
  2 ball pythons
  4 frilled lizards
  14 goblins
  11 kobolds
  A leopard gecko skeleton (D:3)
  11 rats
147 creatures vanquished.

Vanquished Creatures (others)
  Jessica (D:2)
  A rat (D:2)
2 creatures vanquished.

Grand Total: 149 creatures vanquished

Notes
Turn   | Place    | Note
-------+----------+-------------------------------------------
     0 | D:1      | Cryolive the Hill Orc Berserker began the quest for the
                  | Orb.
     0 | D:1      | Reached XP level 1. HP: 19/19 MP: 1/1
   277 | D:1      | Reached XP level 2. HP: 16/27 MP: 2/2
   687 | D:1      | Reached XP level 3. HP: 33/33 MP: 3/3
   693 | D:1      | Reached ** piety under Trog
  1101 | D:2      | Killed Jessica
  1183 | D:2      | Found a sacrificial altar of Ru.
  1242 | D:2      | Found a runed door.
  1246 | D:2      | Noticed Crazy Yiuf
  1260 | D:2      | Killed Crazy Yiuf
  1260 | D:2      | Reached skill level 5 in Axes
  1260 | D:2      | Reached XP level 4. HP: 10/41 MP: 4/4
  1425 | D:2      | Found a white marble altar of Elyvilon.
  1662 | D:2      | Noticed Terence
  1675 | D:2      | Killed Terence
  2021 | D:2      | Found a deep blue altar of Sif Muna.
  2130 | D:2      | Reached XP level 5. HP: 47/47 MP: 5/5
  2146 | D:2      | Noticed a sky beast
  2162 | D:2      | Killed a sky beast
  2162 | D:2      | Reached skill level 1 in Maces & Flails
  2272 | D:3      | Reached skill level 5 in Fighting
  2279 | D:3      | Reached XP level 6. HP: 56/56 MP: 6/6
  2420 | D:3      | Reached skill level 1 in Throwing
  2689 | D:3      | Found an iron altar of Okawaru.
  2857 | D:3      | Found a burning altar of Makhleb.
  2859 | D:3      | Found a glowing silver altar of Zin.
  2859 | D:3      | Noticed an angel
  2866 | D:3      | Noticed a blizzard demon
  3020 | D:3      | Reached *** piety under Trog
  3257 | D:4      | Noticed Ijyb
  3273 | D:4      | Killed Ijyb
  3339 | D:4      | Noticed Edmund
  3363 | D:4      | Killed Edmund
  3363 | D:4      | Reached XP level 7. HP: 13/61 MP: 7/7
  3425 | D:4      | Noticed Duvessa
  3426 | D:4      | Noticed Dowan
  3437 | D:4      | Killed Duvessa
  3443 | D:4      | Killed Dowan
  4091 | D:4      | Noticed Pikel
  4106 | D:4      | Killed Pikel
  4106 | D:4      | Reached skill level 5 in Armour
  4106 | D:4      | Reached XP level 8. HP: 42/70 MP: 8/8
  4135 | D:4      | Found a blossoming altar of Fedhas.
  4392 | D:4      | Noticed Robin
  4395 | D:4      | Killed Robin
  4421 | D:4      | Received a gift from Trog
  4607 | D:5      | Entered Level 5 of the Dungeon
  4629 | D:5      | Reached skill level 5 in Maces & Flails
  4633 | D:5      | Reached skill level 5 in Throwing
  5191 | D:5      | Found a shadowy altar of Dithmenos.
  5569 | D:6      | Reached XP level 9. HP: 65/77 MP: 9/9
  5665 | D:6      | Reached **** piety under Trog
  5693 | D:6      | Noticed Menkaure
  5703 | D:6      | Killed Menkaure
  5783 | D:6      | Found a bloodstained altar of Trog.
  5929 | D:6      | Found a runed gate.
  5929 | D:6      | Found an opulent altar of Gozag.
  5930 | D:6      | Found a runed gate.
  5930 | D:6      | Found a runed gate.
  5931 | D:6      | Noticed EvilAliv3's ghost (novice FoIE)
  5931 | D:6      | Noticed an ice dragon
  6046 | D:6      | Found an ancient bone altar of Kikubaaqudgha.
  6145 | D:6      | HP: 2/78 [orc warrior/+0 halberd (4)]
  6150 | D:6      | Mangled by an orc warrior

Vault maps used:
D:1:      lightli_arrival_farm
D:2:      elyvilon_altar_4, lemuel_blue_sif_altar, marbit_many_paths,
          first_ration, uniq_jessica, uniq_crazy_yiuf_cottage, uniq_terence
D:3:      grunt_temple_overflow_order_and_chaos_2, okawaru_ov_weapons_minmay,
          hangedman_glass_garden
D:4:      fedhas_altar_fruit_tree, uniq_ijyb, uniq_pikel, uniq_duvessa,
          uniq_robin, uniq_edmund
D:5:      grunt_dithmenos_shadows, kennysheep_generic_room_2
D:6:      kennysheep_little_box, lemuel_crystal_altar, temple_green,
          ebering_ghost_gozag, bloody_trog, uniq_grinder, uniq_blork_the_orc,
          uniq_menkaure

Skill      XL: |  1  2  3  4  5  6  7  8  9 |
---------------+----------------------------+-----
Fighting       | 4 5 6 |  6.4
Axes           | 5 |  5.7
Armour         | 3 4 5 |  5.8
Maces & Flails | 1 2 4 5 |  5.5
Throwing       | 2 4 5 6 |  6.9
Dodging        | 2 |  2.0
Stealth        | |  0.3

Action                   |  1- 3 |  4- 6 |  7- 9 || total
-------------------------+-------+-------+-------++-------
Melee: Hand axe          |   106 |    41 |       ||   147
       Flail             |       |   106 |    89 ||   195
       Whip              |       |       |    60 ||    60
Throw: Stone             |       |   184 |   169 ||   353
       Javelin           |       |       |    56 ||    56
       Tomahawk          |       |       |     2 ||     2
  Use: Potion            |     1 |     1 |     1 ||     3
       Scroll            |       |       |     3 ||     3
  Eat: Ration            |     1 |     2 |     2 ||     5
Armor: Plate armour      |    69 |   186 |   138 ||   393
       Robe              |       |       |     2 ||     2
Dodge: Dodged            |    42 |    91 |   107 ||   240

Table legend:
 A = Non-vault XP
 B = Vault XP
 C = Vault XP percentage of total XP
 D = Non-vault monster count
 E = Vault monster count
 F = Vault count percentage of total count
                 A         B        C        D         E       F
            +---------+---------+-------+---------+---------+-------
      Total |    1725 |    1346 |  43.8 |     121 |      25 |  17.1
            +---------+---------+-------+---------+---------+-------
        D:1 |      49 |       0 |   0.0 |      25 |       0 |   0.0
        D:2 |     179 |      75 |  29.5 |      20 |       3 |  13.0
        D:3 |     126 |       0 |   0.0 |      28 |       0 |   0.0
        D:4 |     153 |    1068 |  87.5 |      11 |      18 |  62.1
        D:5 |     620 |      31 |   4.8 |      20 |       3 |  13.0
        D:6 |     598 |     172 |  22.3 |      17 |       1 |   5.6
            +---------+---------+-------+---------+---------+-------
